 Dungeon Crawl Stone Soup version 0.30-a0-726-gd89dcf765f (webtiles) character file.

Game seed: 4700363214209636333

5124 HoaS the Marksgargoyle (level 10, -13/53 HPs)
             Began as a Gargoyle Hunter on Jan 29, 2023.
             Was an Elder of Zin.
             Mangled by a two-headed ogre
             ... wielding a +0 giant club
              (22 damage)
             ... on level 9 of the Dungeon.
             The game lasted 00:17:58 (7982 turns).

HoaS the Marksgargoyle (Gargoyle Hunter)            Turns: 7982, Time: 00:17:59

Health: -13/53     AC: 16    Str: 22    XL:     10   Next: 58%
Magic:  13/13      EV: 12    Int: 11    God:    Zin [****..]
Gold:   2493       SH:  5    Dex: 17    Spells: 9/9 levels left

rFire   + . .      SeeInvis +    a - +1 shortbow (freeze)
rCold   . . .      Faith    .    (shield currently unavailable)
rNeg    + . .      Spirit   .    q - +3 leather armour {rPois}
rPois   ∞          Reflect  +    i - +1 helmet
rElec   +          Harm     .    t - +0 cloak
rCorr   .          Rampage  .    (no gloves)
Will    .....                    (no boots)
Stlth   ++                       k - amulet of reflection
HPRegen 0.28/turn                e - ring of see invisible
MPRegen 0.13/turn                h - ring of Peace {Drain rF+ Str+8 Slay+3}

@: on recite cooldown
A: sickness immunity, AC +7, negative energy resistance 1, electricity
resistance, torment resistance 1, petrification resistance
a: Renounce Religion, Recite, Vitalisation, Imprison, Donate Gold


You were on level 9 of the Dungeon.
You worshipped Zin.
Zin was greatly pleased with you.
You visited 2 branches of the dungeon, and saw 10 of its levels.

You collected 2637 gold pieces.
You donated 144 gold pieces to Zin.

Inventory:

Hand Weapons
 a - a +1 shortbow of freezing (weapon)
Missiles
 s - a throwing net
Armour
 i - a +1 helmet (worn)
 q - a +3 leather armour of poison resistance (worn)
 t - a +0 cloak (worn)
Jewellery
 e - a ring of see invisible (left hand)
 h - the ring of Peace (right hand) {Drain rF+ Str+8 Slay+3}
   (You found it on level 8 of the Dungeon)

   [ring of protection from fire]

   Str:       It affects your strength (+8).
   Slay:      It affects your accuracy & damage with ranged weapons and melee
   (+3).
   rF:        It protects you from fire.
   Drain:     It drains your maximum health when unequipped.
 k - an amulet of reflection (around neck)
Wands
 g - a wand of flame (11)
 j - a wand of quicksilver (11)
 v - a wand of mindburst (15)
Scrolls
 b - a scroll of immolation
 l - 3 scrolls of identify
 n - a scroll of fear
 p - 2 scrolls of teleportation
 r - a scroll of magic mapping
 u - a scroll of fog
Potions
 c - a potion of magic {unknown}
 d - 3 potions of curing
 f - 3 potions of heal wounds
 m - 2 potions of attraction
 o - 3 potions of flight


   Skills:
 - Level 2.1 Fighting
 * Level 15.0 Ranged Weapons
 - Level 1.5 Dodging
 - Level 1.1 Stealth
 + Level 4.7 Invocations


You had 9 spell levels left.
You didn't know any spells.
Your spell library contained the following spells:

 Spells                   Type           Power      Damage    Failure   Level
 Apportation              Tloc           0%         N/A       38%         1
 Necrotise                Necr           0%         1d4       38%         1
 Summon Small Mammal      Summ           0%         N/A       38%         1
 Lesser Beckoning         Tloc           0%         N/A       52%         2
 Wereblood                Tmut           0%         N/A       52%         2
 Gell's Gravitas          Tloc           0%         N/A       77%         3
 Teleport Other           Tloc           0%         N/A       77%         3
 Dispersal                Tloc           0%         N/A       100%        6
 Summon Hydra             Summ           0%         N/A       100%        7
 Sublimation of Blood     Necr           Unusable   N/A       N/A         2

Dungeon Overview and Level Annotations

Branches:
Dungeon (9/15)             Temple (1/1) D:4
   Lair: D:8-11         Orc: D:9-12

Altars:
Ashenzari
Cheibriados
Dithmenos
Elyvilon
Fedhas
Gozag
Hepliaklqana
Makhleb
Nemelex Xobeh
Okawaru
Qazlal
Ru
Sif Muna
Trog
Uskayaw
Vehumet
Wu Jian
Xom
Yredelemnul
Zin
The Shining One

Annotations:
D:5 3 runed translucent doors, kae's ghost, novice DsTm
D:6 1 runed translucent door, Absynth's ghost, novice DrCj
D:8 exclusion: two-headed ogre


Innate Abilities, Weirdness & Mutations

You are immune to sickness and miasma.
Your stone body is resilient. (AC +7)
You are immune to poison.
You resist negative energy. (rN+)
You are resistant to electric shocks. (rElec)
You are resistant to unholy torment.
You are immune to petrification.


Message History

Activating: Recite (0% risk of failure)
Press: ? - help, Dir - look around, f - activate Look: a two-headed ogre, wielding a +0 giant club and a +0 great mace You clear your throat and prepare to recite. "The voice of Zin, pure and clear, did say that the heretics..."
The two-headed ogre hits you with a +0 giant club!
The two-headed ogre hits you with a +0 great mace.
The orc barely misses you.
You shoot an arrow.
The arrow barely misses the two-headed ogre.
You block the orc's attack. You block the two-headed ogre's attack.
The two-headed ogre hits you but does no damage.
You shoot an arrow.
The arrow hits the two-headed ogre but does no damage. "...were not loyal!
And hearing this, the people rose up..."
The orc is awed by your recitation.
You shoot an arrow. The arrow hits the two-headed ogre.
The arrow freezes the two-headed ogre.
The two-headed ogre is lightly wounded. "...and embraced loyalty, for they feared Zin's wrath."
You finish reciting Apostates 2:32.
You block the two-headed ogre's attack.
The two-headed ogre hits you with a +0 great mace!
* * * LOW HITPOINT WARNING * * *
You shoot an arrow.
The arrow hits the two-headed ogre but does no damage.
The two-headed ogre is lightly wounded.
You shoot an arrow. The arrow hits the two-headed ogre!
The arrow freezes the two-headed ogre.
The two-headed ogre is moderately wounded.
You block the two-headed ogre's attack.
The two-headed ogre hits you with a +0 great mace.
* * * LOW HITPOINT WARNING * * *
You shoot an arrow. The arrow hits the two-headed ogre!
The arrow freezes the two-headed ogre.
The two-headed ogre is heavily wounded.
You shoot an arrow.
The arrow barely misses the two-headed ogre.
The two-headed ogre hits you with a +0 giant club!!
You die...

..........<#
...........#
...........#
####.#
########....##
#.......(....#
#...<†.......#
+.#...O........#
#.....@........#
###....o.......#
#...........[#
#............#
#............#
####.#########
#.. ###


You could see a two-headed ogre and an orc (paralysed).

Vanquished Creatures
  Pikel (D:6)
  A hornet (D:8)
  2 wyverns (D:8)
  A wraith (D:8)
  Eustachio (D:6)
  Menkaure (D:7)
  Duvessa (D:7)
  4 water moccasins
  An orc warrior (D:8)
  2 ice beasts
  4 sky beasts
  An ogre (D:6)
  2 centaurs
  A phantom (D:7)
  A kobold brigand (D:6)
  Blork the orc (D:4)
  4 bullfrogs
  A necrophage (D:5)
  A gnoll sergeant (D:5)
  2 scorpions
  3 wights (D:7)
  Dowan (D:7)
  6 killer bees (D:8)
  3 howler monkeys (D:9)
  4 gnoll boudas
  Crazy Yiuf (D:7)
  4 hounds
  3 jellies
  An orc priest (D:9)
  6 iguanas
  Ijyb (D:4)
  5 orc wizards
  Robin (D:2)
  18 gnolls
  10 adders
  2 shadow imps
  3 white imps
  15 orcs
  4 endoplasms
  4 giant cockroaches
  19 goblins
  11 hobgoblins
  8 jackals
  4 quokkas
  6 ball pythons
  7 bats
  A frilled lizard (D:1)
  14 kobolds
  3 rats (D:2)
201 creatures vanquished.

Vanquished Creatures (others)
  A fungus (D:4)
  3 toadstools (D:6)
  2 withered plants (D:6)
6 creatures vanquished.

Grand Total: 207 creatures vanquished

Notes
Turn   | Place    | Note
-------+----------+-------------------------------------------
     0 | D:1      | HoaS the Gargoyle Hunter began the quest for the Orb.
     0 | D:1      | Reached XP level 1. HP: 12/12 MP: 1/1
   110 | D:1      | Reached XP level 2. HP: 14/17 MP: 2/2
   570 | D:1      | Reached XP level 3. HP: 21/21 MP: 3/3
   608 | D:1      | Found a faded altar of an unknown god.
   765 | D:2      | Identified 2 scrolls of acquirement
   765 | D:2      | Acquired 1107 gold pieces
   767 | D:2      | Acquired 995 gold pieces
   875 | D:2      | Reached skill level 5 in Ranged Weapons
   904 | D:2      | Identified the +4 ring mail of the Furrier {rN+ Int+3}
   920 | D:2      | Found an ornate altar of the Wu Jian Council.
  1066 | D:2      | Noticed Robin
  1109 | D:2      | Killed Robin
  1110 | D:2      | Reached XP level 4. HP: 16/26 MP: 4/4
  1573 | D:3      | Reached skill level 6 in Ranged Weapons
  1905 | D:3      | Reached XP level 5. HP: 30/30 MP: 5/5
  2255 | D:4      | Noticed Ijyb
  2270 | D:4      | Paralysed by Ijyb for 4 turns
  2279 | D:4      | Killed Ijyb
  2426 | D:4      | Found a staircase to the Ecumenical Temple.
  2473 | Temple   | Entered the Ecumenical Temple
  2473 | Temple   | Found a transporter.
  2473 | Temple   | Found a transporter.
  2475 | Temple   | Found a transporter.
  2475 | Temple   | Found a transporter.
  2567 | D:4      | Reached skill level 7 in Ranged Weapons
  2611 | D:4      | Reached XP level 6. HP: 35/35 MP: 6/6
  2674 | D:4      | Noticed Blork the orc
  2681 | D:4      | Killed Blork the orc
  3136 | D:5      | Entered Level 5 of the Dungeon
  3142 | D:5      | Found a bloodstained altar of Trog.
  3248 | D:5      | Reached skill level 8 in Ranged Weapons
  3256 | D:5      | Reached XP level 7. HP: 26/40 MP: 7/7
  3293 | D:5      | Reached skill level 9 in Ranged Weapons
  3698 | D:5      | Found a runed translucent gate.
  3699 | D:5      | Found a runed translucent gate.
  3732 | D:5      | Reached XP level 8. HP: 41/44 MP: 8/8
  3754 | D:5      | Found a runed translucent gate.
  3782 | D:5      | Reached skill level 10 in Ranged Weapons
  3818 | D:5      | Noticed kae's ghost (novice DsTm)
  4505 | D:6      | Noticed Pikel
  4510 | D:6      | Reached skill level 11 in Ranged Weapons
  4530 | D:6      | Killed Pikel
  4531 | D:6      | Reached skill level 12 in Ranged Weapons
  4531 | D:6      | Reached XP level 9. HP: 43/48 MP: 9/9
  4694 | D:6      | Found a runed translucent door.
  4695 | D:6      | Noticed Absynth's ghost (novice DrCj)
  4910 | D:6      | Noticed Eustachio
  4924 | D:6      | Killed Eustachio
  4949 | D:6      | Found a sacrificial altar of Ru.
  5034 | D:6      | Found a glowing silver altar of Zin.
  5216 | D:6      | Became a worshipper of Zin the Law-Giver
  5216 | D:6      | Reached * piety under Zin
  5216 | D:6      | Reached ** piety under Zin
  5325 | D:6      | Reached *** piety under Zin
  5339 | D:6      | Reached **** piety under Zin
  5530 | D:7      | Noticed Duvessa
  5541 | D:7      | Noticed Dowan
  5571 | D:7      | Noticed Menkaure
  5575 | D:7      | Killed Menkaure
  5576 | D:7      | Reached skill level 13 in Ranged Weapons
  5576 | D:7      | Reached skill level 1 in Invocations
  5653 | D:7      | Killed Duvessa
  5667 | D:7      | Killed Dowan
  5981 | D:7      | Found a sparkling altar of Nemelex Xobeh.
  6005 | D:7      | Reached XP level 10. HP: 47/53 MP: 12/12
  6143 | D:7      | Reached skill level 14 in Ranged Weapons
  6307 | D:7      | Found a runed translucent door.
  6308 | D:7      | Noticed Crazy Yiuf
  6516 | D:7      | Killed Crazy Yiuf
  7080 | D:8      | Identified the ring of Peace {Drain rF+ Str+8 Slay+3}
  7403 | D:8      | Found a stormy altar of Qazlal.
  7407 | D:8      | Found an opulent altar of Gozag.
  7440 | D:8      | Noticed a two-headed ogre
  7936 | D:9      | Noticed a two-headed ogre
  7955 | D:8      | Reached skill level 15 in Ranged Weapons
  7982 | D:9      | Mangled by a two-headed ogre

Illustrated notes

Levels and vault maps discovered:
D:1:      spicycebolla_green_bress_n_ham, layout_loops_cross,
          dilly_ecumenical_altar_fadedgnrine
D:2:      layout_loops_cross, basic_altar, uniq_robin
D:3:      layout_basic
D:4:      layout_basic, minmay_temple_entry_offerings, serial_aquarium,
          aquarium_bridge_straight [aquarium_subvault_bridge,
          aquarium_subvault_window, aquarium_subvault_bridge,
          aquarium_subvault_window], aquarium_window_fake, aquarium_window_1,
          aquarium_view_2a, aquarium_balcony_3a, uniq_blork_the_orc, uniq_ijyb
D:5:      minmay_bubble_buster, layout_gridville, overflow_temple_1_default,
          gammafunk_ghost_icy
D:6:      cheibrodos_thug_alley, layout_loops_corners,
          nicolae_overflow_crystal_walls, nicolae_ru_great_annihilating_truth,
          gammafunk_ghost_grave, minmay_gold_behind_fungi, uniq_eustachio,
          uniq_pikel
D:7:      layout_loops_ring, old_standard_altar, enter_bailey_5, uniq_duvessa,
          uniq_crazy_yiuf_cottage, uniq_menkaure
D:8:      layout_basic, nicolae_overflow_hidden_temple
D:9:      layout_roguey, serial_shops, nicolae_inconvenience_store
Temple:   hellmonk_temple_divided_pantheon

Skill      XL: |  1  2  3  4  5  6  7  8  9 10 |
---------------+-------------------------------+-----
Ranged Weapons | 5 6 7 8 9 12 13 15 | 15.0
Invocations    | 3 4 |  4.7
Fighting       | |  2.1
Dodging        | |  1.5
Stealth        | |  1.1

Action                     |  1- 3 |  4- 6 |  7- 9 | 10-12 || total
---------------------------+-------+-------+-------+-------++-------
  Melee: Unarmed           |       |       |    18 |       ||    18
         Shortbow          |       |       |       |     2 ||     2
   Fire: Shortbow          |    95 |   160 |   346 |   192 ||   793
 Invoke: Recite            |       |       |       |     1 ||     1
    Use: Scroll            |     5 |     9 |     7 |     1 ||    22
         Potion            |       |       |     1 |     1 ||     2
 Armour: Leather armour    |    12 |       |     7 |    42 ||    61
         Ring mail         |    48 |    32 |    78 |       ||   158
         Skin              |       |       |     9 |       ||     9
  Dodge: Dodged            |    51 |    36 |    67 |    63 ||   217
  Block: Other             |    22 |    22 |    47 |    22 ||   113
         Reflection        |     1 |       |     4 |     1 ||     6

Table legend: (Time is in decaauts)
 A = Elapsed time spent in this place.
 B = Non-inter-level travel time spent in this place.
 C = Inter-level travel time spent in this place.
 D = Time resting spent in this place.
 E = Time spent auto-exploring this place.
 F = Levels seen in this place.
 G = Mean time per level.
                   A        B        C        D        E       F      G
               +--------+--------+--------+--------+--------+-----+--------+
         Total |   8042 |   7635 |    407 |    705 |   5424 |  10 |  804.2 |
       Dungeon |   7993 |   7595 |    398 |    705 |   5418 |   9 |  888.1 |
        Temple |     48 |     39 |      9 |      0 |      6 |   1 |   48.0 |
               +--------+--------+--------+--------+--------+-----+--------+

Top non-repeatable levels by time:
     D:6: 1439 daAuts
     D:8: 1346 daAuts
     D:7: 1018 daAuts
     D:5: 989 daAuts
     D:4: 891 daAuts
     D:3: 832 daAuts
     D:2: 738 daAuts
     D:1: 695 daAuts
  Temple: 48 daAuts
     D:9: 42 daAuts
